Map: Coda LE (Void)

Players

JonSnow - Winner!

  • Race: Zerg Zerg

lIlIlIlIlI (Nina)

  • Race: Protoss Protoss

Event: Team Gravity's Fight Night #13

VOD

https://www.youtube.com/watch?v=8zqqsS00DPA&list=PL_BOlLcv8KbhFbvTakl6AYJq-DW01oMw_

Description

Time

  • Played on: April 5, 2015, 4:38 p.m.
  • Length: 12:29

All games in this series

Show
View Real Time Build Order
Export as new Build Order

JonSnow Zerg - Winner!

Build Orders: Hatch First 

Get SALT Encoding   

  12  0:01  Drone  
  13  0:08  Drone  
  14  0:17  Overlord  
  14  0:27  Drone, Extractor  
  15  0:37  Drone x2  
  17  0:54  Hatchery  
  16  0:57  Drone  
  17  1:05  Extractor  
  16  1:13  Spawning Pool  
  16  1:17  Drone  
  16  1:20  Drone  
  17  1:31  Overlord  
  17  1:32  Drone  
  18  1:39  Drone  
  19  1:50  Drone  
  20  2:01  Queen  
  20  2:06  Queen  
  20  2:07  Drone  
  25  2:11  Drone  
  25  2:14  Drone  
  27  2:20  Drone  
  28  2:23  Drone  
  29  2:30  Roach Warren  
  29  2:35  Drone x2  
  30  2:40  Burrow  
  30  2:45  Overlord  
  30  2:49  Overlord  
  30  3:10  Roach  
  30  3:11  Roach x5  
  42  3:14  Roach  
  46  3:20  Roach  
  46  3:22  Overlord  
  46  3:30  Roach  
  46  3:32  Drone x3  
  51  3:40  Roach  
  53  3:43  Overlord  
  53  3:44  Drone  
  53  3:45  Drone  
  53  3:48  Extractor  
  54  3:49  Extractor  
  54  3:51  Roach  
  54  3:53  Drone  
  54  3:55  Drone  
  57  3:58  Drone  
  57  4:01  Overlord  
  58  4:08  Roach x6  
  54  4:25  Roach x4  
  62  4:31  Drone  
  62  4:32  Drone x8  
  62  4:38  Roach x2  
  71  4:39  Roach  
  69  4:46  Roach  
  69  4:49  Roach x3  
  69  4:51  Hatchery  
  66  5:00  Roach x2  
  66  5:10  Drone x9, Roach x2  
  66  5:11  Drone  
  66  5:12  Lair  
  74  5:16  Queen  
  74  5:17  Evolution Chamber  
  69  5:26  Roach  
  69  5:28  Roach  
  65  5:32  Drone x3  
  65  5:35  Spore Crawler x2  
  65  5:38  Spore Crawler  
  65  5:41  Drone  
  64  5:52  Zerg Missile Weapons Level 1, Roach  
  64  5:58  Drone  
  64  5:59  Drone x5  
  64  6:01  Drone  
  64  6:03  Roach  
  71  6:09  Glial Reconstitution  
  71  6:10  Extractor  
  70  6:12  Hydralisk Den  
  70  6:18  Drone x3  
  70  6:21  Extractor  
  70  6:25  Overlord  
  67  6:28  Roach x7  
  67  6:29  Infestation Pit  
  80  6:34  Drone x2, Extractor  
  80  6:36  Ravager  
  80  6:38  Overlord  
  82  6:45  Overlord  
  82  6:46  Queen  
  82  6:50  Ravager  
  82  6:52  Ravager  
  84  6:59  Overlord, Muscular Augments  
  84  7:01  Queen  
  84  7:04  Drone x4  
  84  7:06  Drone x5  
  95  7:11  Hydralisk x2  
  99  7:17  Zergling x2  
  99  7:18  Overlord  
  99  7:20  Roach x4  
  99  7:21  Roach  
  110  7:27  Hydralisk x2  
  110  7:28  Hatchery  
  113  7:31  Overseer  
  113  7:34  Overlord  
  113  7:36  Overlord x2  
  106  7:47  Drone x3  
  106  7:51  Hive  
  109  7:54  Hydralisk x3  
  109  7:57  Overlord  
  114  8:00  Zerg Missile Weapons Level 2  
  114  8:05  Roach x3  
  120  8:10  Roach  
  120  8:11  Roach x2  
  124  8:14  Ravager  
  124  8:16  Overlord  
  125  8:25  Overlord x2  
  125  8:32  Drone  
  125  8:33  Spine Crawler  
  125  8:37  Roach x6  
  137  8:41  Extractor  
  137  8:42  Hydralisk x2  
  137  8:44  Overlord, Extractor  
  137  8:47  Ravager x2  
  141  8:49  Ravager  
  142  9:09  Viper x2  
  142  9:14  Drone  
  142  9:15  Spine Crawler  
  145  9:19  Roach x7  
  159  9:28  Roach x2  
  159  9:36  Overlord  
  159  9:37  Ravager x2  
  161  9:40  Roach x2  
  161  9:41  Roach x5  
  175  9:47  Overlord  
  175  9:50  Hydralisk x2  
  175  10:04  Overlord x2  
  175  10:05  Overlord  
  175  10:07  Drone x5  
  175  10:12  Roach x6  
  192  10:30  Hydralisk  
  192  10:31  Hydralisk x6  
  196  10:38  Roach x3  
  196  10:41  Roach x5  
  200  10:59  Overseer x2  
  189  11:11  Roach  
  189  11:12  Roach x4  
  189  11:13  Overlord  
  189  11:16  Overseer  
  199  11:20  Ultralisk Cavern  
  187  11:38  Roach x10  
  199  11:44  Hatchery  
  169  11:48  Roach  
  169  11:49  Roach x5  
  175  11:58  Roach x3  
  175  11:59  Ravager x2  
Show
View Real Time Build Order
Export as new Build Order

lIlIlIlIlI Protoss 

Build Orders: Nexus First, Oracle Opening, Oracle Opening 

Get SALT Encoding   

  12  0:01  Probe  
  13  0:15  Pylon  
  13  0:18  Probe  
  14  0:33  Probe (Chrono Boost)  
  16  0:43  Probe (Chrono Boost)  
  16  0:50  Probe  
  17  1:00  Nexus  
  17  1:10  Gateway  
  17  1:12  Probe (Chrono Boost)  
  18  1:23  Probe (Chrono Boost)  
  18  1:24  Pylon  
  19  1:30  Probe (Chrono Boost)  
  20  1:33  Assimilator  
  20  1:37  Assimilator  
  20  1:42  Probe (Chrono Boost)  
  21  1:52  Probe (Chrono Boost)  
  22  1:59  Cybernetics Core, Probe (Chrono Boost)  
  23  2:11  Probe (Chrono Boost)  
  25  2:18  Probe (Chrono Boost)  
  25  2:20  Probe (Chrono Boost)  
  26  2:25  Probe  
  26  2:28  Probe  
  28  2:36  Stalker, Warp Gate  
  30  2:37  Mothership Core (Chrono Boost)  
  30  2:42  Probe (Chrono Boost)  
  33  2:50  Pylon  
  33  2:51  Probe (Chrono Boost)  
  34  2:54  Probe (Chrono Boost), Assimilator  
  34  2:57  Probe  
  36  3:05  Probe, Stargate  
  37  3:10  Probe (Chrono Boost)  
  37  3:11  Zealot  
  40  3:15  Assimilator  
  40  3:17  Probe (Chrono Boost)  
  41  3:22  Probe (Chrono Boost)  
  43  3:27  Probe (Chrono Boost), Forge  
  43  3:29  Probe (Chrono Boost)  
  44  3:34  Probe  
  44  3:39  Probe  
  49  3:49  Oracle (Chrono Boost)  
  49  3:52  Probe  
  50  3:56  Probe  
  50  3:57  Pylon  
  50  3:58  Gateway  
  50  4:02  Protoss Ground Weapons Level 1  
  51  4:04  Probe  
  52  4:13  Robotics Facility  
  52  4:15  Probe  
  51  4:18  Photon Cannon  
  51  4:23  Oracle  
  53  4:39  Photon Cannon  
  53  4:40  Photon Cannon  
  53  4:45  Stalker  
  55  4:53  Pylon  
  55  4:55  Sentry  
  54  5:17  Robotics Bay  
  54  5:20  Pylon  
  54  5:38  Probe (Chrono Boost), Observer (Chrono Boost), Pylon  
  54  5:39  Pylon  
  57  5:45  Probe (Chrono Boost)  
  58  5:50  Probe (Chrono Boost)  
  58  5:56  Probe (Chrono Boost), Oracle (Chrono Boost)  
  62  5:57  Probe (Chrono Boost)  
  62  6:02  Warp Prism (Chrono Boost)  
  64  6:05  Probe  
  64  6:07  Probe  
  66  6:18  Probe, Gravitic Drive  
  67  6:19  Probe  
  67  6:24  Pylon x2  
  68  6:30  Probe  
  68  6:31  Probe  
  74  6:42  Probe  
  74  6:43  Probe, Disruptor (Chrono Boost)  
  76  6:53  Twilight Council  
  77  6:54  Probe  
  77  7:00  Gateway  
  77  7:03  Gateway  
  77  7:05  Gateway  
  77  7:06  Disruptor  
  77  7:08  Nexus  
  77  7:09  Pylon  
  77  7:16  Gateway  
  77  7:18  Gateway  
  77  7:19  Probe  
  77  7:22  Oracle (Chrono Boost)  
  78  7:28  Zealot  
  87  7:31  Probe  
  87  7:33  Disruptor x2 (Chrono Boost)  
  87  7:36  Probe  
  89  7:40  Blink  
  89  7:45  Probe  
  89  7:46  Protoss Ground Weapons Level 2 (Chrono Boost)  
  90  7:52  Gateway  
  90  7:56  Probe  
  90  7:57  Probe  
  92  7:59  Photon Cannon  
  96  8:10  Disruptor  
  96  8:13  Assimilator  
  96  8:15  Pylon x2  
  96  8:18  Assimilator  
  96  8:28  Stalker x3  
  96  8:31  Disruptor  
  96  8:33  Probe  
  96  8:34  Probe  
  104  8:46  Stalker x2  
  112  8:50  Probe x2  
  112  8:53  Disruptor  
  114  8:57  Probe  
  114  8:58  Stalker  
  114  8:59  Stalker  
  119  9:07  Pylon  
  119  9:14  Stalker x3  
  119  9:15  Stalker  
  127  9:32  Stalker, Photon Cannon x2  
  127  9:33  Stalker x2  
  127  9:34  Pylon  
  137  9:41  Disruptor (Chrono Boost)  
  137  9:53  Disruptor x2  
  137  9:57  Photon Cannon  
  135  10:05  Stalker x3, Pylon  
  141  10:07  Nexus  
  107  10:38  Stalker x3  
  107  10:39  Stalker x4  
  107  10:42  Disruptor  
  124  10:45  Pylon  
  124  10:49  Disruptor  
  116  11:04  Stalker x3  
  116  11:09  Disruptor  
  118  11:17  Stalker x2  
  114  11:20  Stalker  
  114  11:25  Disruptor  
  120  11:27  Pylon  
  120  11:31  Disruptor  
  116  11:36  Stalker  
  116  11:37  Stalker x2  
  114  11:48  Stalker x2  
  114  11:51  Disruptor  
  111  11:58  Stalker x2  
  87  12:11  Stalker x2  

Tags
 
Add a new tag
Caveats
  • Supply blocks, unpowered buildings, or Contaminate may cause inaccurate times.
  • Supply counts are checked every 10 seconds.